 Dungeon Crawl Stone Soup version 0.27.1-4-g1640c2035a (webtiles) character file.

Game seed: 18436284019417587114

19 AarnesTheHuman the Covered (level 2, 25/25 HPs)
             Began as a Barachi Fighter on Nov 1, 2021.
             Was a Follower of Nemelex Xobeh.
             Got out of the dungeon alive.
             The game lasted 00:00:45 (537 turns).

AarnesTheHuman the Covered (Barachi Fighter)         Turns: 537, Time: 00:00:45

Health: 25/25      AC:  7    Str: 17    XL:     2   Next: 75%
Magic:  2/2        EV:  7    Int:  8    God:    Nemelex Xobeh [*.....]
Gold:   31         SH:  9    Dex: 11    Spells: 1/1 levels left

rFire    . . .     SeeInvis .   a - +0 long sword
rCold    . . .     Faith    .   c - +0 kite shield
rNeg     . . .     Spirit   .   b - +0 scale mail
rPois    .         Reflect  .   (no helmet)
rElec    .         Harm     .   (no cloak)
rCorr    .         Rampage  .   (no gloves)
Will     .....                  (no boots)
Stlth    ..........             (no amulet)
HPRegen  0.08/turn              (no ring)
MPRegen  0.08/turn              (no ring)

@: slow
A: amphibious, slowness 1, strong legs 1, +LOS
a: Hop, Renounce Religion, Draw Escape, Draw Destruction, Draw Summoning


You escaped.
You worshipped Nemelex Xobeh.
Nemelex Xobeh was aware of your devotion.
You visited 1 branch of the dungeon, and saw 1 of its levels.

You collected 31 gold pieces.

Inventory:

Hand Weapons
 a - a +0 long sword (weapon)
Armour
 b - a +0 scale mail (worn)
 c - a +0 kite shield (worn)
Jewellery
 i - a ring of magical power
Scrolls
 e - a scroll of silence {unknown}
 f - 2 scrolls of teleportation {unknown}
 g - a scroll of fear {unknown}
Potions
 d - a potion of might
 h - a potion of curing {unknown}


   Skills:
 + Level 3.9 Fighting
 + Level 2.8 Long Blades
 + Level 3.9 Armour
 + Level 3.5 Shields


You had one spell level left.
You didn't know any spells.
Your spell library was empty.

Dungeon Overview and Level Annotations

Branches:
Dungeon (1/15)

Altars:
Nemelex Xobeh


Innate Abilities, Weirdness & Mutations

You are amphibious.
You cover ground slowly.
You can hop short distances.
You have an extended range of vision and can be seen from far away.


Message History

A bat comes into view.
A bat is nearby!
The bat closely misses you.
You riposte.
You closely miss the bat. You hit the bat.
The bat is severely wounded.
The bat hits you but does no damage. You block the bat's attack.
The bat hits you but does no damage.
You miss the bat.
The bat is severely wounded.
The bat hits you but does no damage. x2
You miss the bat.
The bat is moderately wounded.
You block the bat's attack. The bat closely misses you.
You block the bat's attack. The bat barely misses you.
You hit the bat.
You kill the bat!
No target in view!
No target in view!
Found a cabochon ring.
Found a faded altar of an unknown god.
i - a ring of magical power
Okay, then.
A spectral goblin comes into view.
A spectral goblin is nearby!
You slash the spectral goblin!
You destroy the spectral goblin!
There is a faded altar of an unknown god here.
You cannot tell which god this altar belongs to.
Convert to them anyway?
Nemelex Xobeh accepts your prayer! Nemelex Xobeh welcomes you!
You can now draw from decks of power.
Nemelex will now gift you decks of power as you gain piety.
Found a sapphire potion.
You see here a jackal corpse.
Found 9 gold pieces.
Things that are here:
a +0 short sword; a kobold skeleton
There is a staircase leading out of the dungeon here.
Are you sure you want to leave the Dungeon?
This will make you lose the game!
You have escaped!

.#.# ##.......##
#.......
##..##.#...##
#....... #
##...#..##...##
#....... .#
##..#.#..###...##
#.######
.###..##....#
##...# #.##....
.##..###.##.#
##..# #.......
##..##
#.##.####...#
#....... ...##
#......#....#
#....... ..##
#.####.#.@.##
#....... ...##
#......#....#
#.....## ##..##
#..#.####...#
#...###
##..###.##.#
##..# #.#.#
##..##..#.#
##..## #.#.#
##..#.#..###...#
#....
##...#..##...## .
##..##.#...##
##.......##


There were no monsters in sight!

Vanquished Creatures
  An endoplasm (D:1)
  7 jackals (D:1)
  A kobold (D:1)
  A ball python (D:1)
  5 bats (D:1)
  A frilled lizard (D:1)
  2 rats (D:1)
  A spectral goblin (D:1)
19 creatures vanquished.

Notes
Turn   | Place    | Note
-------+----------+-------------------------------------------
     0 | D:1      | AarnesTheHuman the Barachi Fighter began the quest for the
                  | Orb.
     0 | D:1      | Reached XP level 1. HP: 18/18 MP: 1/1
   199 | D:1      | Reached XP level 2. HP: 20/25 MP: 2/2
   430 | D:1      | Found a faded altar of an unknown god.
   440 | D:1      | Became a worshipper of Nemelex Xobeh the Trickster
   440 | D:1      | Reached * piety under Nemelex Xobeh
   537 | D:$      | Got out of the dungeon alive.

Illustrated notes

Levels and vault maps discovered:
D:1:      dpeg_chamrin_arrival_tetris, layout_basic,
          dreamdust_ecumenical_altar_drowned_temple, chequers_mini_garden,
          minmay_pentomino_x4

Action                   || total
-------------------------++-------
Melee: Long sword        ||    44
Armor: Scale mail        ||    31
Dodge: Dodged            ||    27
Block: Kite shield       ||    37
       Rpst.: Long sword ||    10
